 Dungeon Crawl Stone Soup version 0.25-b1-23-ge2ad7d536c (webtiles) character file.

Game seed: 9208166470247520065, levelgen mode: deterministic

3 Masnef the Sneak (level 1, -1/9 HPs)
             Began as a Spriggan Enchanter on May 31, 2020.
             Slain by a hobgoblin
             ... wielding a +0 club
              (5 damage)
             ... on level 1 of the Dungeon.
             The game lasted 00:02:05 (400 turns).

Masnef the Sneak (Spriggan Enchanter)                Turns: 400, Time: 00:02:05

Health: -1/9       AC:  2    Str:  4    XL:     1   Next: 41%
Magic:  5/5        EV: 18    Int: 16    God:
Gold:   22         SH:  0    Dex: 16    Spells: 4/5 levels left

rFire    . . .     SeeInvis +   a - +1 dagger
rCold    . . .     Gourm    .   (shield restricted)
rNeg     . . .     Faith    .   b - +0 robe
rPois    .         Spirit   .   (helmet restricted)
rElec    .         Reflect  .   (no cloak)
rCorr    .         Harm     .   (gloves unavailable)
MR       .....                  (boots unavailable)
Stlth    +++.......             g - amulet of magic regeneration
HPRegen  0.03/turn              f - ring of flight
MPRegen  0.34/turn              (no ring)

@: very quick
A: very small, unfitting armour, see invisible, herbivore, speed 3, slow
metabolism 2
a: Evoke Flight


You were on level 1 of the Dungeon.
You were not hungry.

You visited 1 branch of the dungeon, and saw 1 of its levels.

You collected 22 gold pieces.

Inventory:

Hand Weapons
 a - a +1 dagger (weapon)
Armour
 b - a +0 robe (worn)
Jewellery
 f - a ring of flight (left hand)
 g - an amulet of magic regeneration (around neck)
Scrolls
 e - a scroll of enchant armour {unknown}
Potions
 c - a potion of curing {unknown}
Comestibles
 d - 2 rations


   Skills:
 - Level 1.1 Short Blades
 - Level 3.0 Dodging
 + Level 4.8 Stealth
 - Level 2.6 Spellcasting
 - Level 3.6 Hexes


You had 4 spell levels left.
You knew the following spells:

 Your Spells              Type           Power        Failure   Level  Hunger
a - Corona                Hex            ##.....      4%          1    #......

Your spell library contained the following spells:

 Spells                   Type           Power        Failure   Level  Hunger
 Confusing Touch          Hex            ##......     13%         3    ###....
 Tukima's Dance           Hex            ##......     13%         3    ###....
 Ensorcelled Hibernation  Hex/Ice        #.....       14%         2    ##.....
 Dazzling Flash           Conj/Hex       #.....       28%         3    ###....


Dungeon Overview and Level Annotations

Branches:
Dungeon (1/15)

Altars:


Innate Abilities, Weirdness & Mutations

You are very small and have problems with some larger weapons.
You are too small for most types of armour.
You have supernaturally acute eyesight. (SInv)
You are a herbivore.
You cover ground extremely quickly.
You need to consume almost no food.


Message History

g - an amulet of magic regeneration (around neck)
The hobgoblin shouts!
A rat comes into view.
You miss the frilled lizard. The frilled lizard misses you.
You barely miss the frilled lizard. The frilled lizard misses you.
You barely miss the frilled lizard.
The frilled lizard bites you but does no damage.
You barely miss the frilled lizard. The frilled lizard bites you.
You hit the frilled lizard.
The frilled lizard is heavily wounded.
The frilled lizard bites you.
A giant cockroach comes into view.
You closely miss the frilled lizard.
The frilled lizard is heavily wounded.
The frilled lizard misses you.
You completely miss the frilled lizard.
The frilled lizard is heavily wounded.
The frilled lizard bites you. The hobgoblin hits you with a +0 club.
Ouch! That really hurt!
You die...

############
#..........#
#.########.#### ##
#.# #l#.. ..# #.#
#.#.####..# #.#
#.#.......#
##.########.l....#
#......##....###l#
#......##.##.# #@#
#......##.##.# #g#
#.........##.# #r#
#...)..#####.# #.#
#......# #.# #.#
.......# #.# #s#
#......# #.# #.#
#......# #.# ..#
#..[l..#####l# #.#


You could see a giant cockroach, a hobgoblin, a frilled lizard and a rat.

Vanquished Creatures
  A goblin (D:1)
  A kobold (D:1)
  A rat (D:1)
3 creatures vanquished.

Notes
Turn   | Place    | Note
-------+----------+-------------------------------------------
     0 | D:1      | Masnef the Spriggan Enchanter began the quest for the Orb.
     0 | D:1      | Reached XP level 1. HP: 9/9 MP: 5/5
   400 | D:1      | Slain by a hobgoblin

Illustrated notes

Levels and vault maps discovered:
D:1:      matt_arrival_los_fun, layout_basic

Action                   || total
-------------------------++-------
Melee: Dagger            ||    16
 Stab: Sleeping          ||     1
Armor: Robe              ||     4
Dodge: Dodged            ||    10
